 Dungeon Crawl Stone Soup version 0.30-a0-782-ge64f9170bb (webtiles) character file.

Game seed: 7833698821993121611

19 senseless the Trooper (level 2, -2/23 (24) HPs)
             Began as a Demonspawn Berserker on Mar 14, 2023.
             Was a Follower of Trog.
             Slain by a kobold
             ... wielding a +2 dagger of draining
              (3 damage)
             ... on level 1 of the Dungeon.
             The game lasted 00:01:01 (337 turns).

senseless the Trooper (Demonspawn Berserker)         Turns: 337, Time: 00:01:02

HP:   -2/23 (24)    AC:  2    Str: 17    XL:     2   Next: 55%
MP:   2/2           EV: 12    Int:  8    God:    Trog [*.....]
Gold: 20            SH:  0    Dex: 12    Spells: 1/1 levels left

rFire   . . .      SeeInvis .    a - +0 mace
rCold   . . .      Faith    .    (no shield)
rNeg    . . .      Spirit   .    b - +0 animal skin
rPois   .          Reflect  .    (no helmet)
rElec   .          Harm     .    (no cloak)
rCorr   .          Rampage  .    (no gloves)
Will    .....                    (no boots)
Stlth   +                        (no amulet)
HPRegen 0.23/turn                (no ring)
MPRegen 0.16/turn                (no ring)

@: on berserk cooldown, slowed, lightly drained, very slow
A: magic regeneration
a: Renounce Religion, Berserk


You were on level 1 of the Dungeon.
You worshipped Trog.
Trog was aware of your devotion.
You visited 1 branch of the dungeon, and saw 1 of its levels.

You collected 20 gold pieces.

Inventory:

Hand Weapons
 a - a +0 mace (weapon)
Armour
 b - a +0 animal skin (worn)
Potions
 c - a potion of degeneration {unknown}


   Skills:
 + Level 3.2 Fighting
 + Level 2.9 Maces & Flails
 + Level 2.1 Armour
 + Level 2.1 Dodging


You had one spell level left.
You didn't know any spells.
Your spell library contained the following spells:

 Spells                   Type           Power      Damage    Failure   Level
 Freeze                   Ice            0%         1d3       41%         1
 Frozen Ramparts          Ice            0%         1d1       78%         3
 Hailstorm                Conj/Ice       0%         3d3       78%         3


Dungeon Overview and Level Annotations

Branches:
Dungeon (1/15)

Altars:


Innate Abilities, Weirdness & Mutations

You regenerate magic rapidly.


Message History

The hobgoblin hits you. The hobgoblin attacks as you move away!
The hobgoblin hits you but does no damage.
The hobgoblin hits you.
* * * LOW HITPOINT WARNING * * *
The goblin attacks as you move away! The goblin hits you with a +0 club.
* * * LOW HITPOINT WARNING * * *
A red film seems to cover your vision as you go berserk!
You feel yourself moving faster!
You feel mighty! The goblin hits you with a +0 club.
* * * LOW HITPOINT WARNING * * *
You closely miss the goblin. You closely miss the goblin.
The goblin completely misses you.
You sock the goblin!
You kill the goblin!
Trog accepts your kill.
You sock the hobgoblin!
You kill the hobgoblin!
Trog accepts your kill.
You thump the hobgoblin!
You kill the hobgoblin!
Trog accepts your kill.
Your life force feels restored.
The kobold closely misses you. The dart slug launches a dart at you.
The slug dart hits you.
* * * LOW HITPOINT WARNING * * *
Things that are here:
a +0 club; a hobgoblin corpse You feel a strong urge to attack something.
You are no longer berserk.
You are exhausted.
You feel yourself slow down. The kobold attacks as you move away!
The kobold hits you with a +2 dagger of draining.
* * * LOW HITPOINT WARNING * * *
You feel drained. The kobold attacks as you move away!
The kobold hits you with a +2 dagger of draining.
You die...

#.###.....##..
#.............
#####.........
#####.........
#.............
#.###†#.......
#.# #.#.......
###.###.#..#####
#...@.#....#
#####K##.... #g#
....# #.# ....#
#J####+#
#w.....####.
###J........
#.........
#.........


You could see a dart slug, an endoplasm, a hobgoblin and a kobold.

Vanquished Creatures
  An endoplasm (D:1)
  2 goblins (D:1)
  5 hobgoblins (D:1)
  A quokka (D:1)
  3 ball pythons (D:1)
  3 bats (D:1)
  A frilled lizard (D:1)
  2 rats (D:1)
18 creatures vanquished.

Notes
Turn   | Place    | Note
-------+----------+-------------------------------------------
     0 | D:1      | senseless the Demonspawn Berserker began the quest for the
                  | Orb.
     0 | D:1      | Reached XP level 1. HP: 18/18 MP: 1/1
   122 | D:1      | Gained mutation: You regenerate magic rapidly. [demonic
                  | ancestry]
   122 | D:1      | Reached XP level 2. HP: 24/24 MP: 2/2
   336 | D:1      | HP: 1/24 [kobold/+2 dagger of draining (3)]
   337 | D:1      | Slain by a kobold

Illustrated notes

Levels and vault maps discovered:
D:1:      roderic_octagonal_star, layout_basic,
          nicolae_concentric_dashed_squares_wild

Skill      XL: |  1 |
---------------+----+-----
Armour         | 2 |  2.1
Dodging        | 2 |  2.1
Fighting       | |  3.2
Maces & Flails | |  2.9

Action                     || total
---------------------------++-------
  Melee: Mace              ||    47
         Punch             ||     1
 Invoke: Berserk           ||     2
 Armour: Animal skin       ||    13
  Dodge: Dodged            ||    52

Table legend: (Time is in decaauts)
 A = Elapsed time spent in this place.
 B = Non-inter-level travel time spent in this place.
 C = Inter-level travel time spent in this place.
 D = Time resting spent in this place.
 E = Time spent auto-exploring this place.
 F = Levels seen in this place.
 G = Mean time per level.
                   A        B        C        D        E       F      G
               +--------+--------+--------+--------+--------+-----+--------+
         Total |    352 |    352 |      0 |     28 |    201 |   1 |  352.0 |
       Dungeon |    352 |    352 |      0 |     28 |    201 |   1 |  352.0 |
               +--------+--------+--------+--------+--------+-----+--------+

Top non-repeatable levels by time:
     D:1: 352 daAuts
